Map: Ley Lines

Players

KimChiLoVer - Winner!

  • Race: Terran Terran
  • Spawn Location: 7:00

VOD

Have the link to the VOD?

Description

Time

  • Played on: Aug. 13, 2025, 8:44 p.m.
  • Length: 10:15
Show
View Real Time Build Order
Export as new Build Order

KimChiLoVer Terran - Winner!

Build Orders: Reaper Expand 

Get SALT Encoding   

  12  0:02  SCV  
  12  0:14  SCV  
  12  0:18  Supply Depot  
  12  0:27  SCV  
  12  0:39  SCV  
  12  0:44  Barracks  
  12  0:48  Refinery  
  12  0:51  SCV  
  12  1:03  SCV  
  12  1:18  SCV  
  12  1:30  Orbital Command  
  12  1:32  Reaper  
  12  1:41  Command Center  
  12  1:51  Supply Depot  
  12  1:56  SCV  
  12  2:03  Marine  
  12  2:08  Factory  
  12  2:11  SCV  
  12  2:14  Refinery  
  12  2:23  SCV  
  12  2:25  Barracks Reactor  
  12  2:35  SCV  
  12  2:39  Barracks  
  12  2:41  Barracks  
  12  2:47  SCV  
  12  2:53  Factory Reactor  
  12  2:56  Factory Tech Lab  
  12  2:57  Orbital Command  
  12  2:59  SCV  
  12  3:06  Marine x2  
  12  3:12  SCV  
  12  3:17  Siege Tank  
  12  3:24  SCV  
  12  3:26  SCV  
  12  3:28  Barracks Tech Lab  
  12  3:30  Marine  
  12  3:31  Marine x2  
  12  3:37  SCV  
  12  3:39  SCV  
  12  3:50  Command Center  
  12  3:55  Stimpack  
  12  4:03  SCV  
  12  4:05  Starport, SCV  
  12  4:08  Factory Reactor  
  12  4:12  Marine x2  
  12  4:13  Marine x2  
  12  4:20  Engineering Bay  
  12  4:25  Engineering Bay  
  12  4:29  Combat Shield  
  12  4:39  Marine x2, Supply Depot, SCV  
  12  4:41  Supply Depot  
  12  4:42  SCV  
  12  4:51  SCV  
  12  4:54  Barracks, Terran Infantry Weapons Level 1  
  12  4:57  Terran Infantry Armor Level 1  
  12  4:59  SCV  
  12  5:06  Medivac  
  12  5:08  Orbital Command  
  12  5:13  Refinery  
  12  5:15  Refinery  
  12  5:16  SCV  
  12  5:19  SCV  
  12  5:28  SCV  
  12  5:31  Barracks, SCV  
  12  5:39  Medivac  
  12  5:40  SCV  
  12  5:41  Medivac  
  12  5:43  SCV  
  12  5:46  Barracks Tech Lab  
  12  5:49  Marine x3  
  12  5:51  Factory Tech Lab  
  12  5:52  SCV  
  12  5:55  SCV  
  12  5:58  SCV  
  12  5:59  Armory  
  12  6:00  Orbital Command  
  12  6:04  Concussive Shells  
  12  6:15  Barracks  
  12  6:16  Barracks, SCV x2  
  12  6:17  Barracks  
  12  6:21  Siege Tank  
  12  6:27  Medivac  
  12  6:28  Barracks Reactor, SCV  
  12  6:30  Marine x5  
  12  6:37  Supply Depot  
  12  6:39  Supply Depot  
  12  6:43  SCV x2  
  12  6:49  Terran Infantry Weapons Level 2  
  12  6:50  Supply Depot  
  12  6:53  Terran Infantry Armor Level 2  
  12  6:58  Marine  
  12  6:59  SCV  
  12  7:00  SCV  
  12  7:07  Siege Tank  
  12  7:11  SCV  
  12  7:20  Medivac, Barracks Tech Lab  
  12  7:21  Marine x6  
  12  7:22  Marine, Barracks Tech Lab  
  12  7:23  Barracks Reactor  
  12  7:26  Supply Depot  
  12  7:28  Supply Depot, SCV  
  12  7:30  Supply Depot  
  12  7:39  Marine x3  
  12  7:41  Terran Vehicle And Ship Armor Level 1  
  12  7:42  Marauder x2, Command Center  
  12  7:47  Marine  
  12  7:50  Supply Depot  
  12  7:53  SCV  
  12  7:54  SCV x2  
  12  8:01  Refinery  
  12  8:02  Refinery  
  12  8:06  SCV  
  12  8:07  Marine x3, Marauder x2  
  12  8:17  Starport  
  12  8:18  Supply Depot, SCV  
  12  8:27  SCV  
  12  8:30  SCV  
  12  8:33  Marine x2, Marauder  
  12  8:34  Marine x7, Marauder  
  12  8:40  SCV  
  12  8:42  SCV  
  12  8:51  Marine x4, Siege Tank  
  12  8:52  Medivac, Marine x2, Marauder x2  
  12  8:54  Viking, SCV  
  12  8:59  Orbital Command  
  12  9:06  SCV  
  12  9:13  Supply Depot  
  12  9:14  Supply Depot  
  12  9:16  SCV x2  
  12  9:17  Supply Depot  
  12  9:19  Marine x4, Marauder x2, Supply Depot, SCV  
  12  9:28  SCV  
  12  9:29  Marine  
  12  9:30  Marine x2, Marauder  
  12  9:32  Starport Reactor  
  12  9:35  Viking  
  12  9:38  SCV x2  
  12  9:39  SCV  
  12  9:40  SCV  
  12  9:41  Marine  
  12  9:42  Marauder  
  12  9:50  SCV  
  12  9:51  SCV x2  
  12  10:02  Command Center  
Tags
 
Add a new tag
Caveats
  • Supply blocks, unpowered buildings, or Contaminate may cause inaccurate times.
  • Supply counts are checked every 10 seconds.